Workbook

Sheet Summary
A1: Invoice Tracking Summary
A3: Reporting Date | B3: =IF(Assumptions!$B$4="","",Assumptions!$B$4)
A5: Total Invoiced | B5: =IFERROR(SUMIF(Invoices!$G$5:$G$104,"<>Void",Invoices!$M$5:$M$104),0) | D5: Amount Paid | E5: =IFERROR(SUMIF(Invoices!$G$5:$G$104,"<>Void",Invoices!$N$5:$N$104),0) | G5: Outstanding | H5: =IFERROR(SUMIF(Invoices!$G$5:$G$104,"<>Void",Invoices!$O$5:$O$104),0)
A7: Overdue Balance | B7: =IFERROR(SUMIF(Invoices!$P$5:$P$104,"Overdue",Invoices!$O$5:$O$104),0) | D7: Open Invoices | E7: =IFERROR(COUNTIF(Invoices!$P$5:$P$104,"Open"),0) | G7: Overdue Invoices | H7: =IFERROR(COUNTIF(Invoices!$P$5:$P$104,"Overdue"),0)
A9: Status | B9: Invoice Count | C9: Outstanding
A10: Open | B10: =IFERROR(COUNTIF(Invoices!$P$5:$P$104,A10),0) | C10: =IFERROR(SUMIF(Invoices!$P$5:$P$104,A10,Invoices!$O$5:$O$104),0)
A11: Overdue | B11: =IFERROR(COUNTIF(Invoices!$P$5:$P$104,A11),0) | C11: =IFERROR(SUMIF(Invoices!$P$5:$P$104,A11,Invoices!$O$5:$O$104),0)
A12: Paid | B12: =IFERROR(COUNTIF(Invoices!$P$5:$P$104,A12),0) | C12: =IFERROR(SUMIF(Invoices!$P$5:$P$104,A12,Invoices!$O$5:$O$104),0)
A13: Draft | B13: =IFERROR(COUNTIF(Invoices!$P$5:$P$104,A13),0) | C13: =IFERROR(SUMIF(Invoices!$P$5:$P$104,A13,Invoices!$O$5:$O$104),0)
A14: Void | B14: =IFERROR(COUNTIF(Invoices!$P$5:$P$104,A14),0) | C14: =IFERROR(SUMIF(Invoices!$P$5:$P$104,A14,Invoices!$O$5:$O$104),0)

Sheet Invoice Form
A1: Landscaping Invoice
A2: From | B2: =IF(Assumptions!$B$5="","",Assumptions!$B$5)
A3: Select Invoice # | B3: LFI-26002 | D3: Review Flag | E3: =IF($B$3="","",IFERROR(VLOOKUP($B$3,Invoices!$A$5:$R$104,18,FALSE),""))
A4: Customer | B4: =IF($B$3="","",IFERROR(VLOOKUP($B$3,Invoices!$A$5:$R$104,2,FALSE),"")) | D4: Property / Job Site | E4: =IF($B$3="","",IFERROR(VLOOKUP($B$3,Invoices!$A$5:$R$104,3,FALSE),""))
A5: Invoice Date | B5: =IF($B$3="","",IFERROR(VLOOKUP($B$3,Invoices!$A$5:$R$104,4,FALSE),"")) | D5: Due Date | E5: =IF($B$3="","",IFERROR(VLOOKUP($B$3,Invoices!$A$5:$R$104,6,FALSE),""))
A6: Payment Status | B6: =IF($B$3="","",IFERROR(VLOOKUP($B$3,Invoices!$A$5:$R$104,16,FALSE),"")) | D6: Balance Due | E6: =IF($B$3="","",IFERROR(VLOOKUP($B$3,Invoices!$A$5:$R$104,15,FALSE),""))
A8: Service Date | B8: Service | C8: Description | D8: Quantity | E8: Unit | F8: Amount
A9: =IFERROR(INDEX('Line Items'!$B$5:$B$104,MATCH($B$3&"|1",'Line Items'!$K$5:$K$104,0)),"") | B9: =IFERROR(IF(INDEX('Line Items'!$C$5:$C$104,MATCH($B$3&"|1",'Line Items'!$K$5:$K$104,0))=0,"",INDEX('Line Items'!$C$5:$C$104,MATCH($B$3&"|1",'Line Items'!$K$5:$K$104,0))),"") | C9: =IFERROR(IF(INDEX('Line Items'!$D$5:$D$104,MATCH($B$3&"|1",'Line Items'!$K$5:$K$104,0))=0,"",INDEX('Line Items'!$D$5:$D$104,MATCH($B$3&"|1",'Line Items'!$K$5:$K$104,0))),"") | D9: =IFERROR(IF(INDEX('Line Items'!$E$5:$E$104,MATCH($B$3&"|1",'Line Items'!$K$5:$K$104,0))=0,"",INDEX('Line Items'!$E$5:$E$104,MATCH($B$3&"|1",'Line Items'!$K$5:$K$104,0))),"") | E9: =IFERROR(IF(INDEX('Line Items'!$F$5:$F$104,MATCH($B$3&"|1",'Line Items'!$K$5:$K$104,0))=0,"",INDEX('Line Items'!$F$5:$F$104,MATCH($B$3&"|1",'Line Items'!$K$5:$K$104,0))),"") | F9: =IFERROR(IF(INDEX('Line Items'!$I$5:$I$104,MATCH($B$3&"|1",'Line Items'!$K$5:$K$104,0))=0,"",INDEX('Line Items'!$I$5:$I$104,MATCH($B$3&"|1",'Line Items'!$K$5:$K$104,0))),"")
A10: =IFERROR(INDEX('Line Items'!$B$5:$B$104,MATCH($B$3&"|2",'Line Items'!$K$5:$K$104,0)),"") | B10: =IFERROR(IF(INDEX('Line Items'!$C$5:$C$104,MATCH($B$3&"|2",'Line Items'!$K$5:$K$104,0))=0,"",INDEX('Line Items'!$C$5:$C$104,MATCH($B$3&"|2",'Line Items'!$K$5:$K$104,0))),"") | C10: =IFERROR(IF(INDEX('Line Items'!$D$5:$D$104,MATCH($B$3&"|2",'Line Items'!$K$5:$K$104,0))=0,"",INDEX('Line Items'!$D$5:$D$104,MATCH($B$3&"|2",'Line Items'!$K$5:$K$104,0))),"") | D10: =IFERROR(IF(INDEX('Line Items'!$E$5:$E$104,MATCH($B$3&"|2",'Line Items'!$K$5:$K$104,0))=0,"",INDEX('Line Items'!$E$5:$E$104,MATCH($B$3&"|2",'Line Items'!$K$5:$K$104,0))),"") | E10: =IFERROR(IF(INDEX('Line Items'!$F$5:$F$104,MATCH($B$3&"|2",'Line Items'!$K$5:$K$104,0))=0,"",INDEX('Line Items'!$F$5:$F$104,MATCH($B$3&"|2",'Line Items'!$K$5:$K$104,0))),"") | F10: =IFERROR(IF(INDEX('Line Items'!$I$5:$I$104,MATCH($B$3&"|2",'Line Items'!$K$5:$K$104,0))=0,"",INDEX('Line Items'!$I$5:$I$104,MATCH($B$3&"|2",'Line Items'!$K$5:$K$104,0))),"")
A11: =IFERROR(INDEX('Line Items'!$B$5:$B$104,MATCH($B$3&"|3",'Line Items'!$K$5:$K$104,0)),"") | B11: =IFERROR(IF(INDEX('Line Items'!$C$5:$C$104,MATCH($B$3&"|3",'Line Items'!$K$5:$K$104,0))=0,"",INDEX('Line Items'!$C$5:$C$104,MATCH($B$3&"|3",'Line Items'!$K$5:$K$104,0))),"") | C11: =IFERROR(IF(INDEX('Line Items'!$D$5:$D$104,MATCH($B$3&"|3",'Line Items'!$K$5:$K$104,0))=0,"",INDEX('Line Items'!$D$5:$D$104,MATCH($B$3&"|3",'Line Items'!$K$5:$K$104,0))),"") | D11: =IFERROR(IF(INDEX('Line Items'!$E$5:$E$104,MATCH($B$3&"|3",'Line Items'!$K$5:$K$104,0))=0,"",INDEX('Line Items'!$E$5:$E$104,MATCH($B$3&"|3",'Line Items'!$K$5:$K$104,0))),"") | E11: =IFERROR(IF(INDEX('Line Items'!$F$5:$F$104,MATCH($B$3&"|3",'Line Items'!$K$5:$K$104,0))=0,"",INDEX('Line Items'!$F$5:$F$104,MATCH($B$3&"|3",'Line Items'!$K$5:$K$104,0))),"") | F11: =IFERROR(IF(INDEX('Line Items'!$I$5:$I$104,MATCH($B$3&"|3",'Line Items'!$K$5:$K$104,0))=0,"",INDEX('Line Items'!$I$5:$I$104,MATCH($B$3&"|3",'Line Items'!$K$5:$K$104,0))),"")
A12: =IFERROR(INDEX('Line Items'!$B$5:$B$104,MATCH($B$3&"|4",'Line Items'!$K$5:$K$104,0)),"") | B12: =IFERROR(IF(INDEX('Line Items'!$C$5:$C$104,MATCH($B$3&"|4",'Line Items'!$K$5:$K$104,0))=0,"",INDEX('Line Items'!$C$5:$C$104,MATCH($B$3&"|4",'Line Items'!$K$5:$K$104,0))),"") | C12: =IFERROR(IF(INDEX('Line Items'!$D$5:$D$104,MATCH($B$3&"|4",'Line Items'!$K$5:$K$104,0))=0,"",INDEX('Line Items'!$D$5:$D$104,MATCH($B$3&"|4",'Line Items'!$K$5:$K$104,0))),"") | D12: =IFERROR(IF(INDEX('Line Items'!$E$5:$E$104,MATCH($B$3&"|4",'Line Items'!$K$5:$K$104,0))=0,"",INDEX('Line Items'!$E$5:$E$104,MATCH($B$3&"|4",'Line Items'!$K$5:$K$104,0))),"") | E12: =IFERROR(IF(INDEX('Line Items'!$F$5:$F$104,MATCH($B$3&"|4",'Line Items'!$K$5:$K$104,0))=0,"",INDEX('Line Items'!$F$5:$F$104,MATCH($B$3&"|4",'Line Items'!$K$5:$K$104,0))),"") | F12: =IFERROR(IF(INDEX('Line Items'!$I$5:$I$104,MATCH($B$3&"|4",'Line Items'!$K$5:$K$104,0))=0,"",INDEX('Line Items'!$I$5:$I$104,MATCH($B$3&"|4",'Line Items'!$K$5:$K$104,0))),"")
A13: =IFERROR(INDEX('Line Items'!$B$5:$B$104,MATCH($B$3&"|5",'Line Items'!$K$5:$K$104,0)),"") | B13: =IFERROR(IF(INDEX('Line Items'!$C$5:$C$104,MATCH($B$3&"|5",'Line Items'!$K$5:$K$104,0))=0,"",INDEX('Line Items'!$C$5:$C$104,MATCH($B$3&"|5",'Line Items'!$K$5:$K$104,0))),"") | C13: =IFERROR(IF(INDEX('Line Items'!$D$5:$D$104,MATCH($B$3&"|5",'Line Items'!$K$5:$K$104,0))=0,"",INDEX('Line Items'!$D$5:$D$104,MATCH($B$3&"|5",'Line Items'!$K$5:$K$104,0))),"") | D13: =IFERROR(IF(INDEX('Line Items'!$E$5:$E$104,MATCH($B$3&"|5",'Line Items'!$K$5:$K$104,0))=0,"",INDEX('Line Items'!$E$5:$E$104,MATCH($B$3&"|5",'Line Items'!$K$5:$K$104,0))),"") | E13: =IFERROR(IF(INDEX('Line Items'!$F$5:$F$104,MATCH($B$3&"|5",'Line Items'!$K$5:$K$104,0))=0,"",INDEX('Line Items'!$F$5:$F$104,MATCH($B$3&"|5",'Line Items'!$K$5:$K$104,0))),"") | F13: =IFERROR(IF(INDEX('Line Items'!$I$5:$I$104,MATCH($B$3&"|5",'Line Items'!$K$5:$K$104,0))=0,"",INDEX('Line Items'!$I$5:$I$104,MATCH($B$3&"|5",'Line Items'!$K$5:$K$104,0))),"")
A14: =IFERROR(INDEX('Line Items'!$B$5:$B$104,MATCH($B$3&"|6",'Line Items'!$K$5:$K$104,0)),"") | B14: =IFERROR(IF(INDEX('Line Items'!$C$5:$C$104,MATCH($B$3&"|6",'Line Items'!$K$5:$K$104,0))=0,"",INDEX('Line Items'!$C$5:$C$104,MATCH($B$3&"|6",'Line Items'!$K$5:$K$104,0))),"") | C14: =IFERROR(IF(INDEX('Line Items'!$D$5:$D$104,MATCH($B$3&"|6",'Line Items'!$K$5:$K$104,0))=0,"",INDEX('Line Items'!$D$5:$D$104,MATCH($B$3&"|6",'Line Items'!$K$5:$K$104,0))),"") | D14: =IFERROR(IF(INDEX('Line Items'!$E$5:$E$104,MATCH($B$3&"|6",'Line Items'!$K$5:$K$104,0))=0,"",INDEX('Line Items'!$E$5:$E$104,MATCH($B$3&"|6",'Line Items'!$K$5:$K$104,0))),"") | E14: =IFERROR(IF(INDEX('Line Items'!$F$5:$F$104,MATCH($B$3&"|6",'Line Items'!$K$5:$K$104,0))=0,"",INDEX('Line Items'!$F$5:$F$104,MATCH($B$3&"|6",'Line Items'!$K$5:$K$104,0))),"") | F14: =IFERROR(IF(INDEX('Line Items'!$I$5:$I$104,MATCH($B$3&"|6",'Line Items'!$K$5:$K$104,0))=0,"",INDEX('Line Items'!$I$5:$I$104,MATCH($B$3&"|6",'Line Items'!$K$5:$K$104,0))),"")
A15: =IFERROR(INDEX('Line Items'!$B$5:$B$104,MATCH($B$3&"|7",'Line Items'!$K$5:$K$104,0)),"") | B15: =IFERROR(IF(INDEX('Line Items'!$C$5:$C$104,MATCH($B$3&"|7",'Line Items'!$K$5:$K$104,0))=0,"",INDEX('Line Items'!$C$5:$C$104,MATCH($B$3&"|7",'Line Items'!$K$5:$K$104,0))),"") | C15: =IFERROR(IF(INDEX('Line Items'!$D$5:$D$104,MATCH($B$3&"|7",'Line Items'!$K$5:$K$104,0))=0,"",INDEX('Line Items'!$D$5:$D$104,MATCH($B$3&"|7",'Line Items'!$K$5:$K$104,0))),"") | D15: =IFERROR(IF(INDEX('Line Items'!$E$5:$E$104,MATCH($B$3&"|7",'Line Items'!$K$5:$K$104,0))=0,"",INDEX('Line Items'!$E$5:$E$104,MATCH($B$3&"|7",'Line Items'!$K$5:$K$104,0))),"") | E15: =IFERROR(IF(INDEX('Line Items'!$F$5:$F$104,MATCH($B$3&"|7",'Line Items'!$K$5:$K$104,0))=0,"",INDEX('Line Items'!$F$5:$F$104,MATCH($B$3&"|7",'Line Items'!$K$5:$K$104,0))),"") | F15: =IFERROR(IF(INDEX('Line Items'!$I$5:$I$104,MATCH($B$3&"|7",'Line Items'!$K$5:$K$104,0))=0,"",INDEX('Line Items'!$I$5:$I$104,MATCH($B$3&"|7",'Line Items'!$K$5:$K$104,0))),"")
A16: =IFERROR(INDEX('Line Items'!$B$5:$B$104,MATCH($B$3&"|8",'Line Items'!$K$5:$K$104,0)),"") | B16: =IFERROR(IF(INDEX('Line Items'!$C$5:$C$104,MATCH($B$3&"|8",'Line Items'!$K$5:$K$104,0))=0,"",INDEX('Line Items'!$C$5:$C$104,MATCH($B$3&"|8",'Line Items'!$K$5:$K$104,0))),"") | C16: =IFERROR(IF(INDEX('Line Items'!$D$5:$D$104,MATCH($B$3&"|8",'Line Items'!$K$5:$K$104,0))=0,"",INDEX('Line Items'!$D$5:$D$104,MATCH($B$3&"|8",'Line Items'!$K$5:$K$104,0))),"") | D16: =IFERROR(IF(INDEX('Line Items'!$E$5:$E$104,MATCH($B$3&"|8",'Line Items'!$K$5:$K$104,0))=0,"",INDEX('Line Items'!$E$5:$E$104,MATCH($B$3&"|8",'Line Items'!$K$5:$K$104,0))),"") | E16: =IFERROR(IF(INDEX('Line Items'!$F$5:$F$104,MATCH($B$3&"|8",'Line Items'!$K$5:$K$104,0))=0,"",INDEX('Line Items'!$F$5:$F$104,MATCH($B$3&"|8",'Line Items'!$K$5:$K$104,0))),"") | F16: =IFERROR(IF(INDEX('Line Items'!$I$5:$I$104,MATCH($B$3&"|8",'Line Items'!$K$5:$K$104,0))=0,"",INDEX('Line Items'!$I$5:$I$104,MATCH($B$3&"|8",'Line Items'!$K$5:$K$104,0))),"")
A17: =IFERROR(INDEX('Line Items'!$B$5:$B$104,MATCH($B$3&"|9",'Line Items'!$K$5:$K$104,0)),"") | B17: =IFERROR(IF(INDEX('Line Items'!$C$5:$C$104,MATCH($B$3&"|9",'Line Items'!$K$5:$K$104,0))=0,"",INDEX('Line Items'!$C$5:$C$104,MATCH($B$3&"|9",'Line Items'!$K$5:$K$104,0))),"") | C17: =IFERROR(IF(INDEX('Line Items'!$D$5:$D$104,MATCH($B$3&"|9",'Line Items'!$K$5:$K$104,0))=0,"",INDEX('Line Items'!$D$5:$D$104,MATCH($B$3&"|9",'Line Items'!$K$5:$K$104,0))),"") | D17: =IFERROR(IF(INDEX('Line Items'!$E$5:$E$104,MATCH($B$3&"|9",'Line Items'!$K$5:$K$104,0))=0,"",INDEX('Line Items'!$E$5:$E$104,MATCH($B$3&"|9",'Line Items'!$K$5:$K$104,0))),"") | E17: =IFERROR(IF(INDEX('Line Items'!$F$5:$F$104,MATCH($B$3&"|9",'Line Items'!$K$5:$K$104,0))=0,"",INDEX('Line Items'!$F$5:$F$104,MATCH($B$3&"|9",'Line Items'!$K$5:$K$104,0))),"") | F17: =IFERROR(IF(INDEX('Line Items'!$I$5:$I$104,MATCH($B$3&"|9",'Line Items'!$K$5:$K$104,0))=0,"",INDEX('Line Items'!$I$5:$I$104,MATCH($B$3&"|9",'Line Items'!$K$5:$K$104,0))),"")
A18: =IFERROR(INDEX('Line Items'!$B$5:$B$104,MATCH($B$3&"|10",'Line Items'!$K$5:$K$104,0)),"") | B18: =IFERROR(IF(INDEX('Line Items'!$C$5:$C$104,MATCH($B$3&"|10",'Line Items'!$K$5:$K$104,0))=0,"",INDEX('Line Items'!$C$5:$C$104,MATCH($B$3&"|10",'Line Items'!$K$5:$K$104,0))),"") | C18: =IFERROR(IF(INDEX('Line Items'!$D$5:$D$104,MATCH($B$3&"|10",'Line Items'!$K$5:$K$104,0))=0,"",INDEX('Line Items'!$D$5:$D$104,MATCH($B$3&"|10",'Line Items'!$K$5:$K$104,0))),"") | D18: =IFERROR(IF(INDEX('Line Items'!$E$5:$E$104,MATCH($B$3&"|10",'Line Items'!$K$5:$K$104,0))=0,"",INDEX('Line Items'!$E$5:$E$104,MATCH($B$3&"|10",'Line Items'!$K$5:$K$104,0))),"") | E18: =IFERROR(IF(INDEX('Line Items'!$F$5:$F$104,MATCH($B$3&"|10",'Line Items'!$K$5:$K$104,0))=0,"",INDEX('Line Items'!$F$5:$F$104,MATCH($B$3&"|10",'Line Items'!$K$5:$K$104,0))),"") | F18: =IFERROR(IF(INDEX('Line Items'!$I$5:$I$104,MATCH($B$3&"|10",'Line Items'!$K$5:$K$104,0))=0,"",INDEX('Line Items'!$I$5:$I$104,MATCH($B$3&"|10",'Line Items'!$K$5:$K$104,0))),"")
A19: =IFERROR(INDEX('Line Items'!$B$5:$B$104,MATCH($B$3&"|11",'Line Items'!$K$5:$K$104,0)),"") | B19: =IFERROR(IF(INDEX('Line Items'!$C$5:$C$104,MATCH($B$3&"|11",'Line Items'!$K$5:$K$104,0))=0,"",INDEX('Line Items'!$C$5:$C$104,MATCH($B$3&"|11",'Line Items'!$K$5:$K$104,0))),"") | C19: =IFERROR(IF(INDEX('Line Items'!$D$5:$D$104,MATCH($B$3&"|11",'Line Items'!$K$5:$K$104,0))=0,"",INDEX('Line Items'!$D$5:$D$104,MATCH($B$3&"|11",'Line Items'!$K$5:$K$104,0))),"") | D19: =IFERROR(IF(INDEX('Line Items'!$E$5:$E$104,MATCH($B$3&"|11",'Line Items'!$K$5:$K$104,0))=0,"",INDEX('Line Items'!$E$5:$E$104,MATCH($B$3&"|11",'Line Items'!$K$5:$K$104,0))),"") | E19: =IFERROR(IF(INDEX('Line Items'!$F$5:$F$104,MATCH($B$3&"|11",'Line Items'!$K$5:$K$104,0))=0,"",INDEX('Line Items'!$F$5:$F$104,MATCH($B$3&"|11",'Line Items'!$K$5:$K$104,0))),"") | F19: =IFERROR(IF(INDEX('Line Items'!$I$5:$I$104,MATCH($B$3&"|11",'Line Items'!$K$5:$K$104,0))=0,"",INDEX('Line Items'!$I$5:$I$104,MATCH($B$3&"|11",'Line Items'!$K$5:$K$104,0))),"")
A20: =IFERROR(INDEX('Line Items'!$B$5:$B$104,MATCH($B$3&"|12",'Line Items'!$K$5:$K$104,0)),"") | B20: =IFERROR(IF(INDEX('Line Items'!$C$5:$C$104,MATCH($B$3&"|12",'Line Items'!$K$5:$K$104,0))=0,"",INDEX('Line Items'!$C$5:$C$104,MATCH($B$3&"|12",'Line Items'!$K$5:$K$104,0))),"") | C20: =IFERROR(IF(INDEX('Line Items'!$D$5:$D$104,MATCH($B$3&"|12",'Line Items'!$K$5:$K$104,0))=0,"",INDEX('Line Items'!$D$5:$D$104,MATCH($B$3&"|12",'Line Items'!$K$5:$K$104,0))),"") | D20: =IFERROR(IF(INDEX('Line Items'!$E$5:$E$104,MATCH($B$3&"|12",'Line Items'!$K$5:$K$104,0))=0,"",INDEX('Line Items'!$E$5:$E$104,MATCH($B$3&"|12",'Line Items'!$K$5:$K$104,0))),"") | E20: =IFERROR(IF(INDEX('Line Items'!$F$5:$F$104,MATCH($B$3&"|12",'Line Items'!$K$5:$K$104,0))=0,"",INDEX('Line Items'!$F$5:$F$104,MATCH($B$3&"|12",'Line Items'!$K$5:$K$104,0))),"") | F20: =IFERROR(IF(INDEX('Line Items'!$I$5:$I$104,MATCH($B$3&"|12",'Line Items'!$K$5:$K$104,0))=0,"",INDEX('Line Items'!$I$5:$I$104,MATCH($B$3&"|12",'Line Items'!$K$5:$K$104,0))),"")
E22: Subtotal | F22: =IF($B$3="","",IFERROR(VLOOKUP($B$3,Invoices!$A$5:$R$104,10,FALSE),""))
E23: Tax | F23: =IF($B$3="","",IFERROR(VLOOKUP($B$3,Invoices!$A$5:$R$104,12,FALSE),""))
E24: Invoice Total | F24: =IF($B$3="","",IFERROR(VLOOKUP($B$3,Invoices!$A$5:$R$104,13,FALSE),""))
E25: Amount Paid | F25: =IF($B$3="","",IFERROR(VLOOKUP($B$3,Invoices!$A$5:$R$104,14,FALSE),""))
E26: Balance Due | F26: =IF($B$3="","",IFERROR(VLOOKUP($B$3,Invoices!$A$5:$R$104,15,FALSE),""))

Sheet Invoices
A1: Landscaping Invoice Register
A2: Yellow cells are editable. Formula columns calculate totals, due dates, payment status, and review prompts from entered records.
A4: Invoice # | B4: Customer | C4: Property / Job Site | D4: Invoice Date | E4: Terms Override (Days) | F4: Due Date | G4: Stage | H4: Taxable? | I4: Tax Rate Override | J4: Subtotal | K4: Tax Rate | L4: Tax Amount | M4: Invoice Total | N4: Amount Paid | O4: Balance Due | P4: Payment Status | Q4: Days Past Due | R4: Review Flag
A5: LFI-26001 | B5: Fictional Juniper Kite Cafe | C5: Fictional East Courtyard | D5: 46235 | F5: =IF(D5="","",D5+IF(E5="",Assumptions!$B$6,E5)) | G5: Sent | H5: Yes | J5: =IF(A5="","",IFERROR(SUMIF('Line Items'!$A$5:$A$104,A5,'Line Items'!$I$5:$I$104),"")) | K5: =IF(A5="","",IF(H5="Yes",IF(I5<>"",I5,Assumptions!$B$7),0)) | L5: =IF(OR(A5="",J5=""),"",IFERROR(J5*K5,"")) | M5: =IF(J5="","",IFERROR(J5+L5,"")) | N5: 393.125 | O5: =IF(M5="","",IFERROR(MAX(M5-IF(N5="",0,N5),0),"")) | P5: =IF(A5="","",IF(G5="Void","Void",IF(G5="Draft","Draft",IF(O5<=0,"Paid",IF(F5<Assumptions!$B$4,"Overdue","Open"))))) | Q5: =IF(P5="Overdue",IFERROR(MAX(Assumptions!$B$4-F5,0),""),"") | R5: =IF(A5="","",IF(COUNTIF($A$5:$A$104,A5)>1,"Check duplicate invoice #",IF(G5="","Check stage",IF(H5="","Check taxable choice",IF(AND(G5<>"Void",J5=0),"Check line items",IF(N5>M5,"Check amount paid",IF(Q5>Assumptions!$B$8,"Review long overdue","")))))))
A6: LFI-26002 | B6: Fictional Copper Acorn Studio | C6: Fictional North Walk | D6: 46239 | F6: =IF(D6="","",D6+IF(E6="",Assumptions!$B$6,E6)) | G6: Sent | H6: No | J6: =IF(A6="","",IFERROR(SUMIF('Line Items'!$A$5:$A$104,A6,'Line Items'!$I$5:$I$104),"")) | K6: =IF(A6="","",IF(H6="Yes",IF(I6<>"",I6,Assumptions!$B$7),0)) | L6: =IF(OR(A6="",J6=""),"",IFERROR(J6*K6,"")) | M6: =IF(J6="","",IFERROR(J6+L6,"")) | N6: 150 | O6: =IF(M6="","",IFERROR(MAX(M6-IF(N6="",0,N6),0),"")) | P6: =IF(A6="","",IF(G6="Void","Void",IF(G6="Draft","Draft",IF(O6<=0,"Paid",IF(F6<Assumptions!$B$4,"Overdue","Open"))))) | Q6: =IF(P6="Overdue",IFERROR(MAX(Assumptions!$B$4-F6,0),""),"") | R6: =IF(A6="","",IF(COUNTIF($A$5:$A$104,A6)>1,"Check duplicate invoice #",IF(G6="","Check stage",IF(H6="","Check taxable choice",IF(AND(G6<>"Void",J6=0),"Check line items",IF(N6>M6,"Check amount paid",IF(Q6>Assumptions!$B$8,"Review long overdue","")))))))
A7: LFI-26003 | B7: Fictional Blue Pebble Books | C7: Fictional Reading Garden | D7: 46262 | F7: =IF(D7="","",D7+IF(E7="",Assumptions!$B$6,E7)) | G7: Sent | H7: Yes | J7: =IF(A7="","",IFERROR(SUMIF('Line Items'!$A$5:$A$104,A7,'Line Items'!$I$5:$I$104),"")) | K7: =IF(A7="","",IF(H7="Yes",IF(I7<>"",I7,Assumptions!$B$7),0)) | L7: =IF(OR(A7="",J7=""),"",IFERROR(J7*K7,"")) | M7: =IF(J7="","",IFERROR(J7+L7,"")) | N7: 0 | O7: =IF(M7="","",IFERROR(MAX(M7-IF(N7="",0,N7),0),"")) | P7: =IF(A7="","",IF(G7="Void","Void",IF(G7="Draft","Draft",IF(O7<=0,"Paid",IF(F7<Assumptions!$B$4,"Overdue","Open"))))) | Q7: =IF(P7="Overdue",IFERROR(MAX(Assumptions!$B$4-F7,0),""),"") | R7: =IF(A7="","",IF(COUNTIF($A$5:$A$104,A7)>1,"Check duplicate invoice #",IF(G7="","Check stage",IF(H7="","Check taxable choice",IF(AND(G7<>"Void",J7=0),"Check line items",IF(N7>M7,"Check amount paid",IF(Q7>Assumptions!$B$8,"Review long overdue","")))))))
A8: LFI-26004 | B8: Fictional Lantern Finch Workshop | C8: Fictional South Entry | D8: 46266 | F8: =IF(D8="","",D8+IF(E8="",Assumptions!$B$6,E8)) | G8: Draft | H8: No | J8: =IF(A8="","",IFERROR(SUMIF('Line Items'!$A$5:$A$104,A8,'Line Items'!$I$5:$I$104),"")) | K8: =IF(A8="","",IF(H8="Yes",IF(I8<>"",I8,Assumptions!$B$7),0)) | L8: =IF(OR(A8="",J8=""),"",IFERROR(J8*K8,"")) | M8: =IF(J8="","",IFERROR(J8+L8,"")) | N8: 0 | O8: =IF(M8="","",IFERROR(MAX(M8-IF(N8="",0,N8),0),"")) | P8: =IF(A8="","",IF(G8="Void","Void",IF(G8="Draft","Draft",IF(O8<=0,"Paid",IF(F8<Assumptions!$B$4,"Overdue","Open"))))) | Q8: =IF(P8="Overdue",IFERROR(MAX(Assumptions!$B$4-F8,0),""),"") | R8: =IF(A8="","",IF(COUNTIF($A$5:$A$104,A8)>1,"Check duplicate invoice #",IF(G8="","Check stage",IF(H8="","Check taxable choice",IF(AND(G8<>"Void",J8=0),"Check line items",IF(N8>M8,"Check amount paid",IF(Q8>Assumptions!$B$8,"Review long overdue","")))))))
A9: LFI-26005 | B9: Fictional Silver Thimble Market | C9: Fictional Market Lawn | D9: 46213 | F9: =IF(D9="","",D9+IF(E9="",Assumptions!$B$6,E9)) | G9: Sent | H9: Yes | J9: =IF(A9="","",IFERROR(SUMIF('Line Items'!$A$5:$A$104,A9,'Line Items'!$I$5:$I$104),"")) | K9: =IF(A9="","",IF(H9="Yes",IF(I9<>"",I9,Assumptions!$B$7),0)) | L9: =IF(OR(A9="",J9=""),"",IFERROR(J9*K9,"")) | M9: =IF(J9="","",IFERROR(J9+L9,"")) | N9: 0 | O9: =IF(M9="","",IFERROR(MAX(M9-IF(N9="",0,N9),0),"")) | P9: =IF(A9="","",IF(G9="Void","Void",IF(G9="Draft","Draft",IF(O9<=0,"Paid",IF(F9<Assumptions!$B$4,"Overdue","Open"))))) | Q9: =IF(P9="Overdue",IFERROR(MAX(Assumptions!$B$4-F9,0),""),"") | R9: =IF(A9="","",IF(COUNTIF($A$5:$A$104,A9)>1,"Check duplicate invoice #",IF(G9="","Check stage",IF(H9="","Check taxable choice",IF(AND(G9<>"Void",J9=0),"Check line items",IF(N9>M9,"Check amount paid",IF(Q9>Assumptions!$B$8,"Review long overdue","")))))))
A10: LFI-26006 | B10: Fictional Moss Rocket Gallery | C10: Fictional West Terrace | D10: 46249 | F10: =IF(D10="","",D10+IF(E10="",Assumptions!$B$6,E10)) | G10: Sent | H10: No | J10: =IF(A10="","",IFERROR(SUMIF('Line Items'!$A$5:$A$104,A10,'Line Items'!$I$5:$I$104),"")) | K10: =IF(A10="","",IF(H10="Yes",IF(I10<>"",I10,Assumptions!$B$7),0)) | L10: =IF(OR(A10="",J10=""),"",IFERROR(J10*K10,"")) | M10: =IF(J10="","",IFERROR(J10+L10,"")) | N10: 100 | O10: =IF(M10="","",IFERROR(MAX(M10-IF(N10="",0,N10),0),"")) | P10: =IF(A10="","",IF(G10="Void","Void",IF(G10="Draft","Draft",IF(O10<=0,"Paid",IF(F10<Assumptions!$B$4,"Overdue","Open"))))) | Q10: =IF(P10="Overdue",IFERROR(MAX(Assumptions!$B$4-F10,0),""),"") | R10: =IF(A10="","",IF(COUNTIF($A$5:$A$104,A10)>1,"Check duplicate invoice #",IF(G10="","Check stage",IF(H10="","Check taxable choice",IF(AND(G10<>"Void",J10=0),"Check line items",IF(N10>M10,"Check amount paid",IF(Q10>Assumptions!$B$8,"Review long overdue","")))))))
A11: LFI-26007 | B11: Fictional Amber Sprout Office | C11: Fictional Front Beds | D11: 46267 | E11: 0 | F11: =IF(D11="","",D11+IF(E11="",Assumptions!$B$6,E11)) | G11: Sent | H11: Yes | I11: 0 | J11: =IF(A11="","",IFERROR(SUMIF('Line Items'!$A$5:$A$104,A11,'Line Items'!$I$5:$I$104),"")) | K11: =IF(A11="","",IF(H11="Yes",IF(I11<>"",I11,Assumptions!$B$7),0)) | L11: =IF(OR(A11="",J11=""),"",IFERROR(J11*K11,"")) | M11: =IF(J11="","",IFERROR(J11+L11,"")) | N11: 325 | O11: =IF(M11="","",IFERROR(MAX(M11-IF(N11="",0,N11),0),"")) | P11: =IF(A11="","",IF(G11="Void","Void",IF(G11="Draft","Draft",IF(O11<=0,"Paid",IF(F11<Assumptions!$B$4,"Overdue","Open"))))) | Q11: =IF(P11="Overdue",IFERROR(MAX(Assumptions!$B$4-F11,0),""),"") | R11: =IF(A11="","",IF(COUNTIF($A$5:$A$104,A11)>1,"Check duplicate invoice #",IF(G11="","Check stage",IF(H11="","Check taxable choice",IF(AND(G11<>"Void",J11=0),"Check line items",IF(N11>M11,"Check amount paid",IF(Q11>Assumptions!$B$8,"Review long overdue","")))))))
A12: LFI-26008 | B12: Fictional Velvet Rake Theater | C12: Fictional Service Court | D12: 46254 | F12: =IF(D12="","",D12+IF(E12="",Assumptions!$B$6,E12)) | G12: Void | H12: No | J12: =IF(A12="","",IFERROR(SUMIF('Line Items'!$A$5:$A$104,A12,'Line Items'!$I$5:$I$104),"")) | K12: =IF(A12="","",IF(H12="Yes",IF(I12<>"",I12,Assumptions!$B$7),0)) | L12: =IF(OR(A12="",J12=""),"",IFERROR(J12*K12,"")) | M12: =IF(J12="","",IFERROR(J12+L12,"")) | N12: 0 | O12: =IF(M12="","",IFERROR(MAX(M12-IF(N12="",0,N12),0),"")) | P12: =IF(A12="","",IF(G12="Void","Void",IF(G12="Draft","Draft",IF(O12<=0,"Paid",IF(F12<Assumptions!$B$4,"Overdue","Open"))))) | Q12: =IF(P12="Overdue",IFERROR(MAX(Assumptions!$B$4-F12,0),""),"") | R12: =IF(A12="","",IF(COUNTIF($A$5:$A$104,A12)>1,"Check duplicate invoice #",IF(G12="","Check stage",IF(H12="","Check taxable choice",IF(AND(G12<>"Void",J12=0),"Check line items",IF(N12>M12,"Check amount paid",IF(Q12>Assumptions!$B$8,"Review long overdue","")))))))
F13: =IF(D13="","",D13+IF(E13="",Assumptions!$B$6,E13)) | J13: =IF(A13="","",IFERROR(SUMIF('Line Items'!$A$5:$A$104,A13,'Line Items'!$I$5:$I$104),"")) | K13: =IF(A13="","",IF(H13="Yes",IF(I13<>"",I13,Assumptions!$B$7),0)) | L13: =IF(OR(A13="",J13=""),"",IFERROR(J13*K13,"")) | M13: =IF(J13="","",IFERROR(J13+L13,"")) | O13: =IF(M13="","",IFERROR(MAX(M13-IF(N13="",0,N13),0),"")) | P13: =IF(A13="","",IF(G13="Void","Void",IF(G13="Draft","Draft",IF(O13<=0,"Paid",IF(F13<Assumptions!$B$4,"Overdue","Open"))))) | Q13: =IF(P13="Overdue",IFERROR(MAX(Assumptions!$B$4-F13,0),""),"") | R13: =IF(A13="","",IF(COUNTIF($A$5:$A$104,A13)>1,"Check duplicate invoice #",IF(G13="","Check stage",IF(H13="","Check taxable choice",IF(AND(G13<>"Void",J13=0),"Check line items",IF(N13>M13,"Check amount paid",IF(Q13>Assumptions!$B$8,"Review long overdue","")))))))
F14: =IF(D14="","",D14+IF(E14="",Assumptions!$B$6,E14)) | J14: =IF(A14="","",IFERROR(SUMIF('Line Items'!$A$5:$A$104,A14,'Line Items'!$I$5:$I$104),"")) | K14: =IF(A14="","",IF(H14="Yes",IF(I14<>"",I14,Assumptions!$B$7),0)) | L14: =IF(OR(A14="",J14=""),"",IFERROR(J14*K14,"")) | M14: =IF(J14="","",IFERROR(J14+L14,"")) | O14: =IF(M14="","",IFERROR(MAX(M14-IF(N14="",0,N14),0),"")) | P14: =IF(A14="","",IF(G14="Void","Void",IF(G14="Draft","Draft",IF(O14<=0,"Paid",IF(F14<Assumptions!$B$4,"Overdue","Open"))))) | Q14: =IF(P14="Overdue",IFERROR(MAX(Assumptions!$B$4-F14,0),""),"") | R14: =IF(A14="","",IF(COUNTIF($A$5:$A$104,A14)>1,"Check duplicate invoice #",IF(G14="","Check stage",IF(H14="","Check taxable choice",IF(AND(G14<>"Void",J14=0),"Check line items",IF(N14>M14,"Check amount paid",IF(Q14>Assumptions!$B$8,"Review long overdue","")))))))
F15: =IF(D15="","",D15+IF(E15="",Assumptions!$B$6,E15)) | J15: =IF(A15="","",IFERROR(SUMIF('Line Items'!$A$5:$A$104,A15,'Line Items'!$I$5:$I$104),"")) | K15: =IF(A15="","",IF(H15="Yes",IF(I15<>"",I15,Assumptions!$B$7),0)) | L15: =IF(OR(A15="",J15=""),"",IFERROR(J15*K15,"")) | M15: =IF(J15="","",IFERROR(J15+L15,"")) | O15: =IF(M15="","",IFERROR(MAX(M15-IF(N15="",0,N15),0),"")) | P15: =IF(A15="","",IF(G15="Void","Void",IF(G15="Draft","Draft",IF(O15<=0,"Paid",IF(F15<Assumptions!$B$4,"Overdue","Open"))))) | Q15: =IF(P15="Overdue",IFERROR(MAX(Assumptions!$B$4-F15,0),""),"") | R15: =IF(A15="","",IF(COUNTIF($A$5:$A$104,A15)>1,"Check duplicate invoice #",IF(G15="","Check stage",IF(H15="","Check taxable choice",IF(AND(G15<>"Void",J15=0),"Check line items",IF(N15>M15,"Check amount paid",IF(Q15>Assumptions!$B$8,"Review long overdue","")))))))
F16: =IF(D16="","",D16+IF(E16="",Assumptions!$B$6,E16)) | J16: =IF(A16="","",IFERROR(SUMIF('Line Items'!$A$5:$A$104,A16,'Line Items'!$I$5:$I$104),"")) | K16: =IF(A16="","",IF(H16="Yes",IF(I16<>"",I16,Assumptions!$B$7),0)) | L16: =IF(OR(A16="",J16=""),"",IFERROR(J16*K16,"")) | M16: =IF(J16="","",IFERROR(J16+L16,"")) | O16: =IF(M16="","",IFERROR(MAX(M16-IF(N16="",0,N16),0),"")) | P16: =IF(A16="","",IF(G16="Void","Void",IF(G16="Draft","Draft",IF(O16<=0,"Paid",IF(F16<Assumptions!$B$4,"Overdue","Open"))))) | Q16: =IF(P16="Overdue",IFERROR(MAX(Assumptions!$B$4-F16,0),""),"") | R16: =IF(A16="","",IF(COUNTIF($A$5:$A$104,A16)>1,"Check duplicate invoice #",IF(G16="","Check stage",IF(H16="","Check taxable choice",IF(AND(G16<>"Void",J16=0),"Check line items",IF(N16>M16,"Check amount paid",IF(Q16>Assumptions!$B$8,"Review long overdue","")))))))
F17: =IF(D17="","",D17+IF(E17="",Assumptions!$B$6,E17)) | J17: =IF(A17="","",IFERROR(SUMIF('Line Items'!$A$5:$A$104,A17,'Line Items'!$I$5:$I$104),"")) | K17: =IF(A17="","",IF(H17="Yes",IF(I17<>"",I17,Assumptions!$B$7),0)) | L17: =IF(OR(A17="",J17=""),"",IFERROR(J17*K17,"")) | M17: =IF(J17="","",IFERROR(J17+L17,"")) | O17: =IF(M17="","",IFERROR(MAX(M17-IF(N17="",0,N17),0),"")) | P17: =IF(A17="","",IF(G17="Void","Void",IF(G17="Draft","Draft",IF(O17<=0,"Paid",IF(F17<Assumptions!$B$4,"Overdue","Open"))))) | Q17: =IF(P17="Overdue",IFERROR(MAX(Assumptions!$B$4-F17,0),""),"") | R17: =IF(A17="","",IF(COUNTIF($A$5:$A$104,A17)>1,"Check duplicate invoice #",IF(G17="","Check stage",IF(H17="","Check taxable choice",IF(AND(G17<>"Void",J17=0),"Check line items",IF(N17>M17,"Check amount paid",IF(Q17>Assumptions!$B$8,"Review long overdue","")))))))
F18: =IF(D18="","",D18+IF(E18="",Assumptions!$B$6,E18)) | J18: =IF(A18="","",IFERROR(SUMIF('Line Items'!$A$5:$A$104,A18,'Line Items'!$I$5:$I$104),"")) | K18: =IF(A18="","",IF(H18="Yes",IF(I18<>"",I18,Assumptions!$B$7),0)) | L18: =IF(OR(A18="",J18=""),"",IFERROR(J18*K18,"")) | M18: =IF(J18="","",IFERROR(J18+L18,"")) | O18: =IF(M18="","",IFERROR(MAX(M18-IF(N18="",0,N18),0),"")) | P18: =IF(A18="","",IF(G18="Void","Void",IF(G18="Draft","Draft",IF(O18<=0,"Paid",IF(F18<Assumptions!$B$4,"Overdue","Open"))))) | Q18: =IF(P18="Overdue",IFERROR(MAX(Assumptions!$B$4-F18,0),""),"") | R18: =IF(A18="","",IF(COUNTIF($A$5:$A$104,A18)>1,"Check duplicate invoice #",IF(G18="","Check stage",IF(H18="","Check taxable choice",IF(AND(G18<>"Void",J18=0),"Check line items",IF(N18>M18,"Check amount paid",IF(Q18>Assumptions!$B$8,"Review long overdue","")))))))
F19: =IF(D19="","",D19+IF(E19="",Assumptions!$B$6,E19)) | J19: =IF(A19="","",IFERROR(SUMIF('Line Items'!$A$5:$A$104,A19,'Line Items'!$I$5:$I$104),"")) | K19: =IF(A19="","",IF(H19="Yes",IF(I19<>"",I19,Assumptions!$B$7),0)) | L19: =IF(OR(A19="",J19=""),"",IFERROR(J19*K19,"")) | M19: =IF(J19="","",IFERROR(J19+L19,"")) | O19: =IF(M19="","",IFERROR(MAX(M19-IF(N19="",0,N19),0),"")) | P19: =IF(A19="","",IF(G19="Void","Void",IF(G19="Draft","Draft",IF(O19<=0,"Paid",IF(F19<Assumptions!$B$4,"Overdue","Open"))))) | Q19: =IF(P19="Overdue",IFERROR(MAX(Assumptions!$B$4-F19,0),""),"") | R19: =IF(A19="","",IF(COUNTIF($A$5:$A$104,A19)>1,"Check duplicate invoice #",IF(G19="","Check stage",IF(H19="","Check taxable choice",IF(AND(G19<>"Void",J19=0),"Check line items",IF(N19>M19,"Check amount paid",IF(Q19>Assumptions!$B$8,"Review long overdue","")))))))
F20: =IF(D20="","",D20+IF(E20="",Assumptions!$B$6,E20)) | J20: =IF(A20="","",IFERROR(SUMIF('Line Items'!$A$5:$A$104,A20,'Line Items'!$I$5:$I$104),"")) | K20: =IF(A20="","",IF(H20="Yes",IF(I20<>"",I20,Assumptions!$B$7),0)) | L20: =IF(OR(A20="",J20=""),"",IFERROR(J20*K20,"")) | M20: =IF(J20="","",IFERROR(J20+L20,"")) | O20: =IF(M20="","",IFERROR(MAX(M20-IF(N20="",0,N20),0),"")) | P20: =IF(A20="","",IF(G20="Void","Void",IF(G20="Draft","Draft",IF(O20<=0,"Paid",IF(F20<Assumptions!$B$4,"Overdue","Open"))))) | Q20: =IF(P20="Overdue",IFERROR(MAX(Assumptions!$B$4-F20,0),""),"") | R20: =IF(A20="","",IF(COUNTIF($A$5:$A$104,A20)>1,"Check duplicate invoice #",IF(G20="","Check stage",IF(H20="","Check taxable choice",IF(AND(G20<>"Void",J20=0),"Check line items",IF(N20>M20,"Check amount paid",IF(Q20>Assumptions!$B$8,"Review long overdue","")))))))
F21: =IF(D21="","",D21+IF(E21="",Assumptions!$B$6,E21)) | J21: =IF(A21="","",IFERROR(SUMIF('Line Items'!$A$5:$A$104,A21,'Line Items'!$I$5:$I$104),"")) | K21: =IF(A21="","",IF(H21="Yes",IF(I21<>"",I21,Assumptions!$B$7),0)) | L21: =IF(OR(A21="",J21=""),"",IFERROR(J21*K21,"")) | M21: =IF(J21="","",IFERROR(J21+L21,"")) | O21: =IF(M21="","",IFERROR(MAX(M21-IF(N21="",0,N21),0),"")) | P21: =IF(A21="","",IF(G21="Void","Void",IF(G21="Draft","Draft",IF(O21<=0,"Paid",IF(F21<Assumptions!$B$4,"Overdue","Open"))))) | Q21: =IF(P21="Overdue",IFERROR(MAX(Assumptions!$B$4-F21,0),""),"") | R21: =IF(A21="","",IF(COUNTIF($A$5:$A$104,A21)>1,"Check duplicate invoice #",IF(G21="","Check stage",IF(H21="","Check taxable choice",IF(AND(G21<>"Void",J21=0),"Check line items",IF(N21>M21,"Check amount paid",IF(Q21>Assumptions!$B$8,"Review long overdue","")))))))
F22: =IF(D22="","",D22+IF(E22="",Assumptions!$B$6,E22)) | J22: =IF(A22="","",IFERROR(SUMIF('Line Items'!$A$5:$A$104,A22,'Line Items'!$I$5:$I$104),"")) | K22: =IF(A22="","",IF(H22="Yes",IF(I22<>"",I22,Assumptions!$B$7),0)) | L22: =IF(OR(A22="",J22=""),"",IFERROR(J22*K22,"")) | M22: =IF(J22="","",IFERROR(J22+L22,"")) | O22: =IF(M22="","",IFERROR(MAX(M22-IF(N22="",0,N22),0),"")) | P22: =IF(A22="","",IF(G22="Void","Void",IF(G22="Draft","Draft",IF(O22<=0,"Paid",IF(F22<Assumptions!$B$4,"Overdue","Open"))))) | Q22: =IF(P22="Overdue",IFERROR(MAX(Assumptions!$B$4-F22,0),""),"") | R22: =IF(A22="","",IF(COUNTIF($A$5:$A$104,A22)>1,"Check duplicate invoice #",IF(G22="","Check stage",IF(H22="","Check taxable choice",IF(AND(G22<>"Void",J22=0),"Check line items",IF(N22>M22,"Check amount paid",IF(Q22>Assumptions!$B$8,"Review long overdue","")))))))
F23: =IF(D23="","",D23+IF(E23="",Assumptions!$B$6,E23)) | J23: =IF(A23="","",IFERROR(SUMIF('Line Items'!$A$5:$A$104,A23,'Line Items'!$I$5:$I$104),"")) | K23: =IF(A23="","",IF(H23="Yes",IF(I23<>"",I23,Assumptions!$B$7),0)) | L23: =IF(OR(A23="",J23=""),"",IFERROR(J23*K23,"")) | M23: =IF(J23="","",IFERROR(J23+L23,"")) | O23: =IF(M23="","",IFERROR(MAX(M23-IF(N23="",0,N23),0),"")) | P23: =IF(A23="","",IF(G23="Void","Void",IF(G23="Draft","Draft",IF(O23<=0,"Paid",IF(F23<Assumptions!$B$4,"Overdue","Open"))))) | Q23: =IF(P23="Overdue",IFERROR(MAX(Assumptions!$B$4-F23,0),""),"") | R23: =IF(A23="","",IF(COUNTIF($A$5:$A$104,A23)>1,"Check duplicate invoice #",IF(G23="","Check stage",IF(H23="","Check taxable choice",IF(AND(G23<>"Void",J23=0),"Check line items",IF(N23>M23,"Check amount paid",IF(Q23>Assumptions!$B$8,"Review long overdue","")))))))
F24: =IF(D24="","",D24+IF(E24="",Assumptions!$B$6,E24)) | J24: =IF(A24="","",IFERROR(SUMIF('Line Items'!$A$5:$A$104,A24,'Line Items'!$I$5:$I$104),"")) | K24: =IF(A24="","",IF(H24="Yes",IF(I24<>"",I24,Assumptions!$B$7),0)) | L24: =IF(OR(A24="",J24=""),"",IFERROR(J24*K24,"")) | M24: =IF(J24="","",IFERROR(J24+L24,"")) | O24: =IF(M24="","",IFERROR(MAX(M24-IF(N24="",0,N24),0),"")) | P24: =IF(A24="","",IF(G24="Void","Void",IF(G24="Draft","Draft",IF(O24<=0,"Paid",IF(F24<Assumptions!$B$4,"Overdue","Open"))))) | Q24: =IF(P24="Overdue",IFERROR(MAX(Assumptions!$B$4-F24,0),""),"") | R24: =IF(A24="","",IF(COUNTIF($A$5:$A$104,A24)>1,"Check duplicate invoice #",IF(G24="","Check stage",IF(H24="","Check taxable choice",IF(AND(G24<>"Void",J24=0),"Check line items",IF(N24>M24,"Check amount paid",IF(Q24>Assumptions!$B$8,"Review long overdue","")))))))
... F104: =IF(D104="","",D104+IF(E104="",Assumptions!$B$6,E104)) | J104: =IF(A104="","",IFERROR(SUMIF('Line Items'!$A$5:$A$104,A104,'Line Items'!$I$5:$I$104),"")) | K104: =IF(A104="","",IF(H104="Yes",IF(I104<>"",I104,Assumptions!$B$7),0)) | L104: =IF(OR(A104="",J104=""),"",IFERROR(J104*K104,"")) | M104: =IF(J104="","",IFERROR(J104+L104,"")) | O104: =IF(M104="","",IFERROR(MAX(M104-IF(N104="",0,N104),0),"")) | P104: =IF(A104="","",IF(G104="Void","Void",IF(G104="Draft","Draft",IF(O104<=0,"Paid",IF(F104<Assumptions!$B$4,"Overdue","Open"))))) | Q104: =IF(P104="Overdue",IFERROR(MAX(Assumptions!$B$4-F104,0),""),"") | R104: =IF(A104="","",IF(COUNTIF($A$5:$A$104,A104)>1,"Check duplicate invoice #",IF(G104="","Check stage",IF(H104="","Check taxable choice",IF(AND(G104<>"Void",J104=0),"Check line items",IF(N104>M104,"Check amount paid",IF(Q104>Assumptions!$B$8,"Review long overdue","")))))))

Sheet Line Items
A1: Invoice Line Items
A2: Enter one row per billed service. Default units and rates come from Assumptions unless a rate override is entered.
A4: Invoice # | B4: Service Date | C4: Service | D4: Description | E4: Quantity | F4: Unit | G4: Rate Override | H4: Applied Rate | I4: Line Amount | J4: Line # | K4: Lookup Key | L4: Review Flag
A5: LFI-26001 | B5: 46233 | C5: Routine mowing | D5: Routine lawn service | E5: 1.5 | F5: =IF(C5="","",IFERROR(VLOOKUP(C5,Assumptions!$A$11:$C$110,2,FALSE),"Check service")) | H5: =IF(C5="","",IF(G5<>"",G5,IFERROR(VLOOKUP(C5,Assumptions!$A$11:$C$110,3,FALSE),"")) | I5: =IF(OR(A5="",E5="",H5=""),"",IFERROR(E5*H5,"")) | J5: =IF(A5="","",COUNTIF($A$5:A5,A5)) | K5: =IF(OR(A5="",J5=""),"",A5&"|"&J5) | L5: =IF(A5="","",IF(COUNTIF(Invoices!$A$5:$A$104,A5)=0,"Check invoice #",IF(C5="","Check service",IF(E5="","Check quantity",IF(H5="","Check rate","")))))
A6: LFI-26001 | B6: 46234 | C6: Bed edging | D6: Courtyard bed edges | E6: 350 | F6: =IF(C6="","",IFERROR(VLOOKUP(C6,Assumptions!$A$11:$C$110,2,FALSE),"Check service")) | H6: =IF(C6="","",IF(G6<>"",G6,IFERROR(VLOOKUP(C6,Assumptions!$A$11:$C$110,3,FALSE),"")) | I6: =IF(OR(A6="",E6="",H6=""),"",IFERROR(E6*H6,"")) | J6: =IF(A6="","",COUNTIF($A$5:A6,A6)) | K6: =IF(OR(A6="",J6=""),"",A6&"|"&J6) | L6: =IF(A6="","",IF(COUNTIF(Invoices!$A$5:$A$104,A6)=0,"Check invoice #",IF(C6="","Check service",IF(E6="","Check quantity",IF(H6="","Check rate","")))))
A7: LFI-26002 | B7: 46237 | C7: Mulch installation | D7: Decorative bed refresh | E7: 5 | F7: =IF(C7="","",IFERROR(VLOOKUP(C7,Assumptions!$A$11:$C$110,2,FALSE),"Check service")) | H7: =IF(C7="","",IF(G7<>"",G7,IFERROR(VLOOKUP(C7,Assumptions!$A$11:$C$110,3,FALSE),"")) | I7: =IF(OR(A7="",E7="",H7=""),"",IFERROR(E7*H7,"")) | J7: =IF(A7="","",COUNTIF($A$5:A7,A7)) | K7: =IF(OR(A7="",J7=""),"",A7&"|"&J7) | L7: =IF(A7="","",IF(COUNTIF(Invoices!$A$5:$A$104,A7)=0,"Check invoice #",IF(C7="","Check service",IF(E7="","Check quantity",IF(H7="","Check rate","")))))
A8: LFI-26002 | B8: 46238 | C8: Shrub pruning | D8: Entry shrubs | E8: 2 | F8: =IF(C8="","",IFERROR(VLOOKUP(C8,Assumptions!$A$11:$C$110,2,FALSE),"Check service")) | H8: =IF(C8="","",IF(G8<>"",G8,IFERROR(VLOOKUP(C8,Assumptions!$A$11:$C$110,3,FALSE),"")) | I8: =IF(OR(A8="",E8="",H8=""),"",IFERROR(E8*H8,"")) | J8: =IF(A8="","",COUNTIF($A$5:A8,A8)) | K8: =IF(OR(A8="",J8=""),"",A8&"|"&J8) | L8: =IF(A8="","",IF(COUNTIF(Invoices!$A$5:$A$104,A8)=0,"Check invoice #",IF(C8="","Check service",IF(E8="","Check quantity",IF(H8="","Check rate","")))))
A9: LFI-26003 | B9: 46260 | C9: Leaf cleanup | D9: Reading garden cleanup | E9: 4 | F9: =IF(C9="","",IFERROR(VLOOKUP(C9,Assumptions!$A$11:$C$110,2,FALSE),"Check service")) | H9: =IF(C9="","",IF(G9<>"",G9,IFERROR(VLOOKUP(C9,Assumptions!$A$11:$C$110,3,FALSE),"")) | I9: =IF(OR(A9="",E9="",H9=""),"",IFERROR(E9*H9,"")) | J9: =IF(A9="","",COUNTIF($A$5:A9,A9)) | K9: =IF(OR(A9="",J9=""),"",A9&"|"&J9) | L9: =IF(A9="","",IF(COUNTIF(Invoices!$A$5:$A$104,A9)=0,"Check invoice #",IF(C9="","Check service",IF(E9="","Check quantity",IF(H9="","Check rate","")))))
A10: LFI-26004 | B10: 46265 | C10: Irrigation inspection | D10: Administrative inspection visit | E10: 1.5 | F10: =IF(C10="","",IFERROR(VLOOKUP(C10,Assumptions!$A$11:$C$110,2,FALSE),"Check service")) | H10: =IF(C10="","",IF(G10<>"",G10,IFERROR(VLOOKUP(C10,Assumptions!$A$11:$C$110,3,FALSE),"")) | I10: =IF(OR(A10="",E10="",H10=""),"",IFERROR(E10*H10,"")) | J10: =IF(A10="","",COUNTIF($A$5:A10,A10)) | K10: =IF(OR(A10="",J10=""),"",A10&"|"&J10) | L10: =IF(A10="","",IF(COUNTIF(Invoices!$A$5:$A$104,A10)=0,"Check invoice #",IF(C10="","Check service",IF(E10="","Check quantity",IF(H10="","Check rate","")))))
A11: LFI-26005 | B11: 46210 | C11: Sod installation | D11: Market lawn repair area | E11: 1200 | F11: =IF(C11="","",IFERROR(VLOOKUP(C11,Assumptions!$A$11:$C$110,2,FALSE),"Check service")) | H11: =IF(C11="","",IF(G11<>"",G11,IFERROR(VLOOKUP(C11,Assumptions!$A$11:$C$110,3,FALSE),"")) | I11: =IF(OR(A11="",E11="",H11=""),"",IFERROR(E11*H11,"")) | J11: =IF(A11="","",COUNTIF($A$5:A11,A11)) | K11: =IF(OR(A11="",J11=""),"",A11&"|"&J11) | L11: =IF(A11="","",IF(COUNTIF(Invoices!$A$5:$A$104,A11)=0,"Check invoice #",IF(C11="","Check service",IF(E11="","Check quantity",IF(H11="","Check rate","")))))
A12: LFI-26005 | B12: 46211 | C12: Debris hauling | D12: Installation debris loads | E12: 2 | F12: =IF(C12="","",IFERROR(VLOOKUP(C12,Assumptions!$A$11:$C$110,2,FALSE),"Check service")) | H12: =IF(C12="","",IF(G12<>"",G12,IFERROR(VLOOKUP(C12,Assumptions!$A$11:$C$110,3,FALSE),"")) | I12: =IF(OR(A12="",E12="",H12=""),"",IFERROR(E12*H12,"")) | J12: =IF(A12="","",COUNTIF($A$5:A12,A12)) | K12: =IF(OR(A12="",J12=""),"",A12&"|"&J12) | L12: =IF(A12="","",IF(COUNTIF(Invoices!$A$5:$A$104,A12)=0,"Check invoice #",IF(C12="","Check service",IF(E12="","Check quantity",IF(H12="","Check rate","")))))
A13: LFI-26006 | B13: 46247 | C13: Routine mowing | D13: Terrace lawn service | E13: 2 | F13: =IF(C13="","",IFERROR(VLOOKUP(C13,Assumptions!$A$11:$C$110,2,FALSE),"Check service")) | G13: 100 | H13: =IF(C13="","",IF(G13<>"",G13,IFERROR(VLOOKUP(C13,Assumptions!$A$11:$C$110,3,FALSE),"")) | I13: =IF(OR(A13="",E13="",H13=""),"",IFERROR(E13*H13,"")) | J13: =IF(A13="","",COUNTIF($A$5:A13,A13)) | K13: =IF(OR(A13="",J13=""),"",A13&"|"&J13) | L13: =IF(A13="","",IF(COUNTIF(Invoices!$A$5:$A$104,A13)=0,"Check invoice #",IF(C13="","Check service",IF(E13="","Check quantity",IF(H13="","Check rate","")))))
A14: LFI-26006 | B14: 46248 | C14: Shrub pruning | D14: West terrace shrubs | E14: 3 | F14: =IF(C14="","",IFERROR(VLOOKUP(C14,Assumptions!$A$11:$C$110,2,FALSE),"Check service")) | H14: =IF(C14="","",IF(G14<>"",G14,IFERROR(VLOOKUP(C14,Assumptions!$A$11:$C$110,3,FALSE),"")) | I14: =IF(OR(A14="",E14="",H14=""),"",IFERROR(E14*H14,"")) | J14: =IF(A14="","",COUNTIF($A$5:A14,A14)) | K14: =IF(OR(A14="",J14=""),"",A14&"|"&J14) | L14: =IF(A14="","",IF(COUNTIF(Invoices!$A$5:$A$104,A14)=0,"Check invoice #",IF(C14="","Check service",IF(E14="","Check quantity",IF(H14="","Check rate","")))))
A15: LFI-26007 | B15: 46266 | C15: Bed edging | D15: Front planting beds | E15: 500 | F15: =IF(C15="","",IFERROR(VLOOKUP(C15,Assumptions!$A$11:$C$110,2,FALSE),"Check service")) | H15: =IF(C15="","",IF(G15<>"",G15,IFERROR(VLOOKUP(C15,Assumptions!$A$11:$C$110,3,FALSE),"")) | I15: =IF(OR(A15="",E15="",H15=""),"",IFERROR(E15*H15,"")) | J15: =IF(A15="","",COUNTIF($A$5:A15,A15)) | K15: =IF(OR(A15="",J15=""),"",A15&"|"&J15) | L15: =IF(A15="","",IF(COUNTIF(Invoices!$A$5:$A$104,A15)=0,"Check invoice #",IF(C15="","Check service",IF(E15="","Check quantity",IF(H15="","Check rate","")))))
A16: LFI-26008 | B16: 46253 | C16: Debris hauling | D16: Canceled service record | E16: 1 | F16: =IF(C16="","",IFERROR(VLOOKUP(C16,Assumptions!$A$11:$C$110,2,FALSE),"Check service")) | H16: =IF(C16="","",IF(G16<>"",G16,IFERROR(VLOOKUP(C16,Assumptions!$A$11:$C$110,3,FALSE),"")) | I16: =IF(OR(A16="",E16="",H16=""),"",IFERROR(E16*H16,"")) | J16: =IF(A16="","",COUNTIF($A$5:A16,A16)) | K16: =IF(OR(A16="",J16=""),"",A16&"|"&J16) | L16: =IF(A16="","",IF(COUNTIF(Invoices!$A$5:$A$104,A16)=0,"Check invoice #",IF(C16="","Check service",IF(E16="","Check quantity",IF(H16="","Check rate","")))))
F17: =IF(C17="","",IFERROR(VLOOKUP(C17,Assumptions!$A$11:$C$110,2,FALSE),"Check service")) | H17: =IF(C17="","",IF(G17<>"",G17,IFERROR(VLOOKUP(C17,Assumptions!$A$11:$C$110,3,FALSE),"")) | I17: =IF(OR(A17="",E17="",H17=""),"",IFERROR(E17*H17,"")) | J17: =IF(A17="","",COUNTIF($A$5:A17,A17)) | K17: =IF(OR(A17="",J17=""),"",A17&"|"&J17) | L17: =IF(A17="","",IF(COUNTIF(Invoices!$A$5:$A$104,A17)=0,"Check invoice #",IF(C17="","Check service",IF(E17="","Check quantity",IF(H17="","Check rate","")))))
F18: =IF(C18="","",IFERROR(VLOOKUP(C18,Assumptions!$A$11:$C$110,2,FALSE),"Check service")) | H18: =IF(C18="","",IF(G18<>"",G18,IFERROR(VLOOKUP(C18,Assumptions!$A$11:$C$110,3,FALSE),"")) | I18: =IF(OR(A18="",E18="",H18=""),"",IFERROR(E18*H18,"")) | J18: =IF(A18="","",COUNTIF($A$5:A18,A18)) | K18: =IF(OR(A18="",J18=""),"",A18&"|"&J18) | L18: =IF(A18="","",IF(COUNTIF(Invoices!$A$5:$A$104,A18)=0,"Check invoice #",IF(C18="","Check service",IF(E18="","Check quantity",IF(H18="","Check rate","")))))
F19: =IF(C19="","",IFERROR(VLOOKUP(C19,Assumptions!$A$11:$C$110,2,FALSE),"Check service")) | H19: =IF(C19="","",IF(G19<>"",G19,IFERROR(VLOOKUP(C19,Assumptions!$A$11:$C$110,3,FALSE),"")) | I19: =IF(OR(A19="",E19="",H19=""),"",IFERROR(E19*H19,"")) | J19: =IF(A19="","",COUNTIF($A$5:A19,A19)) | K19: =IF(OR(A19="",J19=""),"",A19&"|"&J19) | L19: =IF(A19="","",IF(COUNTIF(Invoices!$A$5:$A$104,A19)=0,"Check invoice #",IF(C19="","Check service",IF(E19="","Check quantity",IF(H19="","Check rate","")))))
F20: =IF(C20="","",IFERROR(VLOOKUP(C20,Assumptions!$A$11:$C$110,2,FALSE),"Check service")) | H20: =IF(C20="","",IF(G20<>"",G20,IFERROR(VLOOKUP(C20,Assumptions!$A$11:$C$110,3,FALSE),"")) | I20: =IF(OR(A20="",E20="",H20=""),"",IFERROR(E20*H20,"")) | J20: =IF(A20="","",COUNTIF($A$5:A20,A20)) | K20: =IF(OR(A20="",J20=""),"",A20&"|"&J20) | L20: =IF(A20="","",IF(COUNTIF(Invoices!$A$5:$A$104,A20)=0,"Check invoice #",IF(C20="","Check service",IF(E20="","Check quantity",IF(H20="","Check rate","")))))
F21: =IF(C21="","",IFERROR(VLOOKUP(C21,Assumptions!$A$11:$C$110,2,FALSE),"Check service")) | H21: =IF(C21="","",IF(G21<>"",G21,IFERROR(VLOOKUP(C21,Assumptions!$A$11:$C$110,3,FALSE),"")) | I21: =IF(OR(A21="",E21="",H21=""),"",IFERROR(E21*H21,"")) | J21: =IF(A21="","",COUNTIF($A$5:A21,A21)) | K21: =IF(OR(A21="",J21=""),"",A21&"|"&J21) | L21: =IF(A21="","",IF(COUNTIF(Invoices!$A$5:$A$104,A21)=0,"Check invoice #",IF(C21="","Check service",IF(E21="","Check quantity",IF(H21="","Check rate","")))))
F22: =IF(C22="","",IFERROR(VLOOKUP(C22,Assumptions!$A$11:$C$110,2,FALSE),"Check service")) | H22: =IF(C22="","",IF(G22<>"",G22,IFERROR(VLOOKUP(C22,Assumptions!$A$11:$C$110,3,FALSE),"")) | I22: =IF(OR(A22="",E22="",H22=""),"",IFERROR(E22*H22,"")) | J22: =IF(A22="","",COUNTIF($A$5:A22,A22)) | K22: =IF(OR(A22="",J22=""),"",A22&"|"&J22) | L22: =IF(A22="","",IF(COUNTIF(Invoices!$A$5:$A$104,A22)=0,"Check invoice #",IF(C22="","Check service",IF(E22="","Check quantity",IF(H22="","Check rate","")))))
F23: =IF(C23="","",IFERROR(VLOOKUP(C23,Assumptions!$A$11:$C$110,2,FALSE),"Check service")) | H23: =IF(C23="","",IF(G23<>"",G23,IFERROR(VLOOKUP(C23,Assumptions!$A$11:$C$110,3,FALSE),"")) | I23: =IF(OR(A23="",E23="",H23=""),"",IFERROR(E23*H23,"")) | J23: =IF(A23="","",COUNTIF($A$5:A23,A23)) | K23: =IF(OR(A23="",J23=""),"",A23&"|"&J23) | L23: =IF(A23="","",IF(COUNTIF(Invoices!$A$5:$A$104,A23)=0,"Check invoice #",IF(C23="","Check service",IF(E23="","Check quantity",IF(H23="","Check rate","")))))
F24: =IF(C24="","",IFERROR(VLOOKUP(C24,Assumptions!$A$11:$C$110,2,FALSE),"Check service")) | H24: =IF(C24="","",IF(G24<>"",G24,IFERROR(VLOOKUP(C24,Assumptions!$A$11:$C$110,3,FALSE),"")) | I24: =IF(OR(A24="",E24="",H24=""),"",IFERROR(E24*H24,"")) | J24: =IF(A24="","",COUNTIF($A$5:A24,A24)) | K24: =IF(OR(A24="",J24=""),"",A24&"|"&J24) | L24: =IF(A24="","",IF(COUNTIF(Invoices!$A$5:$A$104,A24)=0,"Check invoice #",IF(C24="","Check service",IF(E24="","Check quantity",IF(H24="","Check rate","")))))
F25: =IF(C25="","",IFERROR(VLOOKUP(C25,Assumptions!$A$11:$C$110,2,FALSE),"Check service")) | H25: =IF(C25="","",IF(G25<>"",G25,IFERROR(VLOOKUP(C25,Assumptions!$A$11:$C$110,3,FALSE),"")) | I25: =IF(OR(A25="",E25="",H25=""),"",IFERROR(E25*H25,"")) | J25: =IF(A25="","",COUNTIF($A$5:A25,A25)) | K25: =IF(OR(A25="",J25=""),"",A25&"|"&J25) | L25: =IF(A25="","",IF(COUNTIF(Invoices!$A$5:$A$104,A25)=0,"Check invoice #",IF(C25="","Check service",IF(E25="","Check quantity",IF(H25="","Check rate","")))))
F26: =IF(C26="","",IFERROR(VLOOKUP(C26,Assumptions!$A$11:$C$110,2,FALSE),"Check service")) | H26: =IF(C26="","",IF(G26<>"",G26,IFERROR(VLOOKUP(C26,Assumptions!$A$11:$C$110,3,FALSE),"")) | I26: =IF(OR(A26="",E26="",H26=""),"",IFERROR(E26*H26,"")) | J26: =IF(A26="","",COUNTIF($A$5:A26,A26)) | K26: =IF(OR(A26="",J26=""),"",A26&"|"&J26) | L26: =IF(A26="","",IF(COUNTIF(Invoices!$A$5:$A$104,A26)=0,"Check invoice #",IF(C26="","Check service",IF(E26="","Check quantity",IF(H26="","Check rate","")))))
F27: =IF(C27="","",IFERROR(VLOOKUP(C27,Assumptions!$A$11:$C$110,2,FALSE),"Check service")) | H27: =IF(C27="","",IF(G27<>"",G27,IFERROR(VLOOKUP(C27,Assumptions!$A$11:$C$110,3,FALSE),"")) | I27: =IF(OR(A27="",E27="",H27=""),"",IFERROR(E27*H27,"")) | J27: =IF(A27="","",COUNTIF($A$5:A27,A27)) | K27: =IF(OR(A27="",J27=""),"",A27&"|"&J27) | L27: =IF(A27="","",IF(COUNTIF(Invoices!$A$5:$A$104,A27)=0,"Check invoice #",IF(C27="","Check service",IF(E27="","Check quantity",IF(H27="","Check rate","")))))
F28: =IF(C28="","",IFERROR(VLOOKUP(C28,Assumptions!$A$11:$C$110,2,FALSE),"Check service")) | H28: =IF(C28="","",IF(G28<>"",G28,IFERROR(VLOOKUP(C28,Assumptions!$A$11:$C$110,3,FALSE),"")) | I28: =IF(OR(A28="",E28="",H28=""),"",IFERROR(E28*H28,"")) | J28: =IF(A28="","",COUNTIF($A$5:A28,A28)) | K28: =IF(OR(A28="",J28=""),"",A28&"|"&J28) | L28: =IF(A28="","",IF(COUNTIF(Invoices!$A$5:$A$104,A28)=0,"Check invoice #",IF(C28="","Check service",IF(E28="","Check quantity",IF(H28="","Check rate","")))))
... F104: =IF(C104="","",IFERROR(VLOOKUP(C104,Assumptions!$A$11:$C$110,2,FALSE),"Check service")) | H104: =IF(C104="","",IF(G104<>"",G104,IFERROR(VLOOKUP(C104,Assumptions!$A$11:$C$110,3,FALSE),"")) | I104: =IF(OR(A104="",E104="",H104=""),"",IFERROR(E104*H104,"")) | J104: =IF(A104="","",COUNTIF($A$5:A104,A104)) | K104: =IF(OR(A104="",J104=""),"",A104&"|"&J104) | L104: =IF(A104="","",IF(COUNTIF(Invoices!$A$5:$A$104,A104)=0,"Check invoice #",IF(C104="","Check service",IF(E104="","Check quantity",IF(H104="","Check rate","")))))

Sheet Assumptions
A1: Landscaping Invoice Assumptions
A2: Editable working assumptions for fictional examples; confirm tax treatment, rates, and terms for your business.
A3: Setting | B3: Value | C3: Purpose
A4: Reporting date | B4: 46275 | C4: Used to calculate invoice aging and payment status.
A5: Company name | B5: Fictional Green Lantern Grounds LLC | C5: Shown on the invoice form.
A6: Default payment terms (days) | B6: 30 | C6: Used when an invoice has no terms override.
A7: Default sales tax rate | B7: 0.0625 | C7: Editable assumption; not tax advice.
A8: Long-overdue review (days) | B8: 15 | C8: Creates a human review flag after this many days.
A10: Service | B10: Default unit | C10: Default rate
A11: Routine mowing | B11: Acre | C11: 95
A12: Bed edging | B12: Linear foot | C12: 0.65
A13: Mulch installation | B13: Cubic yard | C13: 72
A14: Shrub pruning | B14: Hour | C14: 68
A15: Leaf cleanup | B15: Hour | C15: 62
A16: Irrigation inspection | B16: Hour | C16: 85
A17: Sod installation | B17: Square foot | C17: 1.85
A18: Debris hauling | B18: Load | C18: 145
